 Dungeon Crawl Stone Soup version 0.29-a0-284-gf9362112df (webtiles) character file.

Game seed: 7760382667194745383

16 gzilladon the Sneak (level 2, -5/13 HPs)
             Began as a Spriggan Enchanter on Mar 25, 2022.
             Was a Believer of Jiyva.
             Slain by Crazy Yiuf
             ... wielding a +2 quarterstaff of chaos
              (8 damage)
             ... while paralysed by Crazy Yiuf
             ... on level 2 of the Dungeon.
             The game lasted 00:07:00 (1296 turns).

gzilladon the Sneak (Spriggan Enchanter)            Turns: 1296, Time: 00:07:00

Health: -5/13      AC:  2    Str:  4    XL:     2   Next: 41%
Magic:  7/7        EV:  4    Int: 16    God:    Jiyva [**....]
Gold:   28         SH:  0    Dex: 15    Spells: 7/7 levels left

rFire   . . .      SeeInvis +   d - +0 dagger (vamp)
rCold   . . .      Faith    .   (no shield)
rNeg    . . .      Spirit   .   b - +0 robe
rPois   .          Reflect  .   (helmet restricted)
rElec   .          Harm     .   (no cloak)
rCorr   +          Rampage  .   (gloves unavailable)
Will    .....                   (boots unavailable)
Stlth   +++.......              (no amulet)
HPRegen 1.00/turn               (no ring)
MPRegen 0.40/turn               (no ring)

@: paralysed, very quick
A: very small, no large weapons, unfitting armour, see invisible, speed 3
a: Renounce Religion


You were on level 2 of the Dungeon.
You worshipped Jiyva.
Jiyva was pleased with you.
You visited 1 branch of the dungeon, and saw 2 of its levels.

You collected 28 gold pieces.

Inventory:

Hand Weapons
 a - a +1 dagger
 d - a +0 vampiric dagger (weapon)
Missiles
 g - 6 silver javelins
Armour
 b - a +0 robe (worn)
Scrolls
 e - a scroll of amnesia {unknown}
 f - a scroll of enchant armour {unknown}
Potions
 c - 2 potions of invisibility
 h - a potion of degeneration {unknown}


   Skills:
 * Level 1.1 Short Blades
 + Level 2.7 Dodging
 * Level 5.2 Stealth
 + Level 3.0 Spellcasting
 + Level 3.9 Hexes


You had 7 spell levels left.
You didn't know any spells.
Your spell library contained the following spells:

 Spells                   Type           Power      Damage    Failure   Level
 Confusing Touch          Hex            14%        N/A       11%         3
 Tukima's Dance           Hex            14%        N/A       11%         3
 Ensorcelled Hibernation  Hex/Ice        16%        N/A       13%         2
 Dazzling Flash           Conj/Hex       16%        N/A       26%         3


Dungeon Overview and Level Annotations

Branches:
Dungeon (2/15)

Altars:
Jiyva

Annotations:
D:2 Crazy Yiuf


Innate Abilities, Weirdness & Mutations

You are very small and have problems with some larger weapons.
You are too small for most types of armour.
You have supernaturally acute eyesight. (SInv)
You cover ground extremely quickly. (Speed+++)


Message History

There is a stone staircase leading up here.
Found two maces.
Found a mace and a glowing mace.
Found a scroll labelled REWKAT PICWYWK, a mace and 6 gold pieces.
Found a mace.
You see here a +0 mace.
You see here a +0 mace.
You see here a +0 mace.
You see here a +0 mace.
You hear a distant slurping noise.
You see here a +0 mace.
You see here a +0 mace.
You see here a +0 mace of holy wrath.
You see here a +0 mace.
You see here a +0 mace.
You hear a distant slurping noise.
You see here a +0 mace.
Found a runed mace.
Found a runed translucent door.
Crazy Yiuf shouts!
You open the door.
You close the door.
Crazy Yiuf opens the door.
You hear a distant slurping noise.
You close the door.
Crazy Yiuf opens the door.
You hear a distant slurping noise.
You close the door.
Crazy Yiuf opens the door.
You hear a distant slurping noise.
You close the door.
Crazy Yiuf opens the door.
You close the door.
Crazy Yiuf breaks down the door.
You hear a distant slurping noise.
It's broken and can't be closed.
It's broken and can't be closed.
Crazy Yiuf hits you with a +2 quarterstaff of chaos!
Ouch! That really hurt!
* * * LOW HITPOINT WARNING * * *
You suddenly lose the ability to move!
You hear a distant slurping noise.
Crazy Yiuf barely misses you.
Crazy Yiuf hits you with a +2 quarterstaff of chaos!
Ouch! That really hurt!
You die...

#####
#)..#
#...#
#.g.#
#@#
♣.♣♣
♣♣.♣
♣.♣♣
♣♣.♣
♣♣.♣♣
♣♣)).♣
♣))))♣
###
##..##
..#


You could see Crazy Yiuf.

Vanquished Creatures
  A dart slug (D:1)
  2 bats (D:1)
  A goblin (D:1)
  3 hobgoblins (D:1)
  2 quokkas (D:1)
  A frilled lizard (D:1)
  3 kobolds (D:1)
  A rat (D:1)
14 creatures vanquished.

Vanquished Creatures (others)
  A bat (D:1)
  A ball python (D:1)
  3 fungi (D:1)
5 creatures vanquished.

Grand Total: 19 creatures vanquished

Notes
Turn   | Place    | Note
-------+----------+-------------------------------------------
     0 | D:1      | gzilladon the Spriggan Enchanter began the quest for the
                  | Orb.
     0 | D:1      | Reached XP level 1. HP: 9/9 MP: 5/5
   423 | D:1      | Found a faded altar of an unknown god.
   439 | D:1      | Prayed at the altar of an unknown god.
   439 | D:1      | Became a worshipper of Jiyva Jimpuasm the Shapeless
   439 | D:1      | Reached * piety under Jiyva
   741 | D:1      | Reached skill level 5 in Stealth
   741 | D:1      | Reached XP level 2. HP: 13/13 MP: 6/6
   771 | D:1      | Reached ** piety under Jiyva
  1284 | D:2      | Found a runed translucent door.
  1285 | D:2      | Noticed Crazy Yiuf
  1294 | D:2      | Paralysed by Crazy Yiuf for 3 turns
  1296 | D:2      | Slain by Crazy Yiuf

Illustrated notes

Levels and vault maps discovered:
D:1:      beargit_arrival_diablo_church, layout_basic, serial_corexii_hall,
          corexii_hall_statues_l, corexii_hall_statues_t,
          chequers_hall_statues_wall_a, corexii_hall_statues_l,
          shapermc_ecumenical_altar_petra
D:2:      layout_rooms, basic_altar, uniq_crazy_yiuf_cottage, uniq_jessica

Skill      XL: |  1  2 |
---------------+-------+-----
Stealth        | 5 |  5.2
Spellcasting   | 3 |  3.0
Short Blades   | |  1.1
Dodging        | |  2.7
Hexes          | |  3.9

Action                   || total
-------------------------++-------
Melee: Dagger            ||    83
       Punch             ||     2
 Stab: Sleeping          ||     5
Armor: Robe              ||     8
Dodge: Dodged            ||    51

Table legend: (Time is in decaauts)
 A = Elapsed time spent in this place.
 B = Non-inter-level travel time spent in this place.
 C = Inter-level travel time spent in this place.
 D = Time resting spent in this place.
 E = Time spent auto-exploring this place.
 F = Levels seen in this place.
 G = Mean time per level.
                   A        B        C        D        E       F      G
               +--------+--------+--------+--------+--------+-----+--------+
         Total |    920 |    873 |     47 |    257 |      0 |   2 |  460.0 |
       Dungeon |    920 |    873 |     47 |    257 |      0 |   2 |  460.0 |
               +--------+--------+--------+--------+--------+-----+--------+

Top non-repeatable levels by time:
     D:1: 900 daAuts
     D:2: 19 daAuts
